 Dungeon Sprint DCSS version 0.19-a0-1268-g6c5d9f8 (webtiles) character file.

84 Kidiri the Sneak (level 4, -10/22 HPs)
             Began as a Spriggan Enchanter on Aug 29, 2016.
             Mangled by a siren
             ... wielding a +0 trident
              (18 damage)
             ... in the Dungeon (Sprint II: "The Violet Keep of Menkaure").
             The game lasted 00:02:07 (235 turns).

Kidiri the Sneak (Spriggan Enchanter)                Turns: 235, Time: 00:02:07

Health: -10/22     AC:  3    Str:  4    XL:     4   Next: 23%
Magic:  3/12       EV: 21    Int: 17    God:
Gold:   243        SH:  0    Dex: 16    Spells: 5 memorised, 1 level left

rFire  . . .     SeeInvis +     a - +1 dagger
rCold  . . .     Gourm    .     b - +1 robe
rNeg   . . .     Faith    .     (shield restricted)
rPois  .         Spirit   .     (helmet restricted)
rElec  .         Dismiss  .     (no cloak)
rCorr  .         Reflect  .     (gloves unavailable)
MR     .....     Harm     .     (boots unavailable)
Stlth  ++++...... NoTele   +    (no amulet)
                                (no ring)
                                (no ring)

@: mesmerised, very quick
A: unfitting armour, see invisible, herbivore 3, speed 3, slow metabolism 2
a: no special abilities


You were in the Dungeon.
You were not hungry.

You visited 1 branch You collected 243 gold pieces.

Inventory:

Hand Weapons
 a - a +1 dagger (weapon)
Armour
 b - a +1 robe (worn)
Scrolls
 j - a scroll of blinking
Potions
 e - a potion of curing
 f - a potion of heal wounds
 g - a potion of haste
 i - a potion of berserk rage
Books
 c - a book of Maledictions

   Spells                             Type                      Level
   a - Corona                         Hexes                        1
   b - Ensorcelled Hibernation        Hexes/Ice                    2
   c - Confuse                        Hexes                        3
   d - Tukima's Dance                 Hexes                        3
   e - Dazzling Spray                 Conjuration/Hexes            3
Comestibles
 d - a bread ration


   Skills:
 + Level 1.5 Fighting
 * Level 3.7 Short Blades
 + Level 1.6 Armour
 * Level 5.7 Dodging
 * Level 6.6 Stealth
 * Level 5.0 Spellcasting
 + Level 4.6 Hexes
 + Level 1.3 Ice Magic


You had one spell level left.
You knew the following spells:

 Your Spells              Type           Power        Failure   Level  Hunger
a - Corona                Hex            ###....      2%          1    None
b - Ensorcelled Hibernat  Hex/Ice        ##....       10%         2    #......
c - Confuse               Hex            ###.....     10%         3    ###....
d - Tukima's Dance        Hex            ###.....     10%         3    ###....
e - Dazzling Spray        Conj/Hex       ##....       17%         3    ###....


Dungeon Overview and Level Annotations

Branches:
Dungeon (1/1)

Altars:

Shops:
D !


Innate Abilities, Weirdness & Mutations

You are tiny and cannot use many weapons and most armour.
You have supernaturally acute eyesight. (SInv)
You are a herbivore.
You cover ground extremely quickly.
You need consume almost no food.


Message History

The siren chants its luring song.
You hit the siren but do no damage.
The siren is moderately wounded.
The siren chants its luring song.
You closely miss the siren.
The siren is moderately wounded.
You hit the siren but do no damage.
The siren is moderately wounded.
The siren chants its luring song.
You barely miss the siren.
The siren is moderately wounded.
The siren chants its luring song.
You hit the siren but do no damage.
The siren is moderately wounded.
The siren closely misses you.
You hit the siren but do no damage.
The siren is moderately wounded.
The siren hits you with a trident!!
Ouch! That really hurt!
You die... zzz

#≈≈#+++#+++##
≈≈≈.........#
##+## ##.#.##
#%##%%#
#####..##
##.###'##
#.@.##.##
+≈'m#$'.<.+
..∩#≈#...##.##
▓### ##.###+#
### ##


You could see a siren.

Vanquished Creatures
  A crocodile (D)
  3 worms (D)
4 creatures vanquished.

Notes
Turn   | Place    | Note
-------+----------+-------------------------------------------
     0 | D        | Kidiri the Spriggan Enchanter began the quest for the Orb.
     0 | D        | Reached XP level 1. HP: 9/9 MP: 5/5
     6 | D        | Reached skill level 5 in Stealth
    68 | D        | Noticed a flying skull
    69 | D        | Noticed a flying skull
    69 | D        | Noticed a flying skull
    69 | D        | Noticed a flying skull
    70 | D        | Noticed a flying skull
    70 | D        | Noticed a flying skull
    70 | D        | Noticed a flying skull
    70 | D        | Noticed a flying skull
    71 | D        | Noticed a flying skull
    71 | D        | Reached XP level 2. HP: 14/14 MP: 5/7
    74 | D        | Noticed a flying skull
    75 | D        | Noticed a flying skull
    75 | D        | Noticed a crocodile
    79 | D        | Noticed a flying skull
   116 | D        | Learned a level 2 spell: Ensorcelled Hibernation
   123 | D        | Killed a crocodile
   123 | D        | Reached skill level 1 in Fighting
   123 | D        | Reached skill level 1 in Armour
   123 | D        | Reached skill level 5 in Dodging
   123 | D        | Reached skill level 6 in Stealth
   123 | D        | Reached skill level 5 in Spellcasting
   123 | D        | Reached skill level 1 in Ice Magic
   123 | D        | Reached XP level 3. HP: 18/18 MP: 4/10
   123 | D        | Reached XP level 4. HP: 22/22 MP: 4/12
   185 | D        | Learned a level 3 spell: Confuse
   189 | D        | Learned a level 3 spell: Tukima's Dance
   193 | D        | Learned a level 3 spell: Dazzling Spray
   194 | D        | Noticed a siren
   208 | D        | Found Osunein's Distillery.
   235 | D        | Mangled by a siren

Vault maps used:
D:        the_violet_keep_of_menkaure

Skill      XL: |  1  2 |
---------------+-------+-----
Spellcasting   | 3 5 |  5.0
Stealth        | 5 6 |  6.6
Dodging        | 4 5 |  5.7
Fighting       | 1 |  1.5
Short Blades   | 3 |  3.7
Armour         | 1 |  1.6
Hexes          | 4 |  4.6
Ice Magic      | 1 |  1.3

Action                   |  1- 3 |  4- 6 || total
-------------------------+-------+-------++-------
Melee: Dagger            |     8 |    24 ||    32
 Cast: Corona            |     2 |       ||     2
       Ensorcelled Hiber |     1 |     1 ||     2
       Dazzling Spray    |       |     6 ||     6
       Tukima's Dance    |       |     3 ||     3
       Confuse           |       |     1 ||     1
  Use: Potion            |       |     2 ||     2
 Stab: Sleeping          |     4 |       ||     4
Dodge: Dodged            |     8 |     3 ||    11
